 Dungeon Crawl Stone Soup version 0.22.1-2-g9c5b331383 (webtiles) character file.

954 BobTheBalder the Cudgeler (level 7, -4/70 HPs)
             Began as a Troll Berserker on Nov 30, 2018.
             Was a Priest of Trog.
             Killed from afar by Ijyb (17 damage)
             ... with a wand of acid (1)
             ... on level 5 of the Dungeon.
             The game lasted 00:10:06 (2887 turns).

BobTheBalder the Cudgeler (Troll Berserker)         Turns: 2887, Time: 00:10:07

Health: -4/70      AC:  6    Str: 28    XL:     7   Next: 90%
Magic:  6/6        EV: 11    Int: 10    God:    Trog [***...]
Gold:   104        SH:  0    Dex:  9    Spells: 6/6 levels left

rFire    + + +     SeeInvis .   q - +0 giant club
rCold    x . .     Gourm    +   (shield currently unavailable)
rNeg     . . .     Faith    .   b - +1 animal skin
rPois    .         Spirit   .   (helmet restricted)
rElec    .         Reflect  .   (no cloak)
rCorr    .         Harm     .   (gloves unavailable)
MR       ++...                  (boots unavailable)
Stlth    ++........             m - amulet of rage
HPRegen  1.61/turn              l - ring of fire
MPRegen  0.10/turn              r - ring of Departure {*Drain rF+++ Int+7 Stlth+}

@: lethally poisoned (-4 -> -4), berserk cooldown, regenerating, slowed, very
slow
A: large, unfitting armour, claws 3, fast metabolism 3, gourmand, regeneration
1, shaggy fur 1, tough skin 2
a: Berserk, Trog's Hand, Renounce Religion, Evoke Berserk Rage


You were on level 5 of the Dungeon.
You worshipped Trog.
Trog was most pleased with you.
You were not hungry.

You visited 1 branch of the dungeon, and saw 5 of its levels.

You collected 104 gold pieces.

Inventory:

Hand Weapons
 a - a +0 mace
 i - a +0 flail
 n - a +2 hand axe of electrocution
 q - a +0 giant club (weapon)
Missiles
 j - 111 stones (quivered)
Armour
 b - a +1 animal skin (worn)
Jewellery
 l - a ring of fire (left claw)
 m - an amulet of rage (around neck)
 r - the ring of Departure (right claw) {*Drain rF+++ Int+7 Stlth+}
   (You found it on level 4 of the Dungeon)

   [ring of stealth]

   It affects your intelligence (+7).
   It renders you almost immune to fire.
   It causes draining when unequipped.
   It makes you more stealthy.
Wands
 u - a wand of disintegration (14)
 v - a wand of polymorph (6)
Scrolls
 k - 4 scrolls of remove curse
 o - 2 scrolls of identify {unknown}
 p - a scroll of magic mapping
 s - a scroll of fear {unknown}
Potions
 d - a potion of flight {unknown}
 e - a potion of lignification {unknown}
 f - 5 potions of curing {unknown}
 g - 2 potions of cancellation {unknown}
 h - a potion of heal wounds {unknown}
 t - a potion of haste {unknown}
Comestibles
 c - 12 rations


   Skills:
 + Level 4.2 Fighting
 + Level 2.1(4.0) Axes
 + Level 5.8(6.1) Maces & Flails
 + Level 4.1 Dodging
 + Level 1.3 Stealth


You had 6 spell levels left.
You didn't know any spells.
Your spell library was empty.

Dungeon Overview and Level Annotations

Branches:
Dungeon (5/15)             Temple (0/1) D:5

Altars:
Elyvilon
Gozag

Shops:
D:4 *=

Annotations:
D:5 Ijyb


Innate Abilities, Weirdness & Mutations

You are too large for most types of armour.
You have claws for hands.
Your metabolism is lightning-fast.
You like to eat raw meat.
Your natural rate of healing is unusually fast.
You are covered in fur. (AC +1)
You have very tough skin. (AC +2)


Message History

You are exhausted.
You feel yourself slow down.
You barely miss the adder.
Ijyb screams, "No!
No, no, no, no!"
The adder bites you but does no damage. The adder barely misses you.
Your skin crawls.
You feel resistant to hostile enchantments.
You feel somewhat more hungry. The adder barely misses you.
Ijyb screams, "Me kill you!" The adder barely misses you.
Okay, then.
Ijyb closely misses you. The adder closely misses you. The adder bites you.
* * * LOW HITPOINT WARNING * * *
You are poisoned.
The adder poisons you!
Ijyb zaps a wand.
The bolt of acid misses you.
You feel sick. The adder closely misses you.
You feel sick. The adder barely misses you.
Ijyb zaps a wand.
The bolt of acid hits you!
You die...

####........
###....######
#...........#
##.#....####.#
#.........#
...........#
.!......O..#
###%#..gS### #.#..(@# #
#....# ##.#.# #.#.#
#.#.#############
#...............# # .
###.##.########.## .#.
.........### ##...##
#..#
#..#######...###.....##


You could see an ogre, Ijyb and an adder.

Vanquished Creatures
  A hippogriff (D:4)
  A water moccasin (D:5)
  2 ogres (D:4)
  An ice beast (D:5)
  A bullfrog skeleton (D:5)
  An orc priest (D:3)
  A centaur skeleton (D:4)
  2 hounds (D:5)
  3 worker ants
  A howler monkey skeleton (D:4)
  4 adders
  2 shadow imps (D:5)
  2 oozes (D:4)
  2 adder skeletons (D:4)
  An adder zombie (D:5)
  4 worms
  4 dart slugs
  7 leopard geckos
  15 orcs (D:3)
  8 giant cockroaches
  8 hobgoblins
  7 jackals
  4 kobolds
  3 quokkas
  6 frilled lizards
  5 goblins
  5 rats
101 creatures vanquished.

Notes
Turn   | Place    | Note
-------+----------+-------------------------------------------
     0 | D:1      | BobTheBalder the Troll Berserker began the quest for the
                  | Orb.
     0 | D:1      | Reached XP level 1. HP: 22/22 MP: 0/0
    44 | D:1      | Reached XP level 2. HP: 29/29 MP: 1/1
   163 | D:1      | Reached skill level 3 in Maces & Flails
   447 | D:2      | Reached XP level 3. HP: 26/36 MP: 2/2
   706 | D:2      | Reached ** piety under Trog
   785 | D:2      | Reached XP level 4. HP: 44/44 MP: 3/3
  1176 | D:3      | Reached skill level 4 in Maces & Flails
  1360 | D:3      | Reached XP level 5. HP: 53/53 MP: 4/4
  1834 | D:4      | Found an opulent altar of Gozag.
  1869 | D:4      | Noticed a hippogriff
  1875 | D:4      | Killed a hippogriff
  1875 | D:4      | Reached *** piety under Trog
  1875 | D:4      | Reached skill level 1 in Axes
  1875 | D:4      | Reached XP level 6. HP: 54/61 MP: 5/5
  2094 | D:4      | Got a translucent silver ring
  2103 | D:4      | Identified the ring of Departure {*Drain rF+++ Int+7
                  | Stlth+} (You found it on level 4 of the Dungeon)
  2117 | D:4      | Reached XP level 7. HP: 68/68 MP: 6/6
  2120 | D:4      | Reached skill level 5 in Maces & Flails
  2215 | D:4      | Found Vehuipn's Assorted Antiques.
  2311 | D:4      | Found Xuxithrin's Jewellery Boutique.
  2413 | D:4      | You fall through a shaft!
  2413 | D:5      | Entered Level 5 of the Dungeon
  2435 | D:5      | Found a staircase to the Ecumenical Temple.
  2621 | D:5      | Found a white marble altar of Elyvilon.
  2640 | D:5      | Reached skill level 1 in Stealth
  2871 | D:5      | Noticed Ijyb
  2876 | D:5      | HP: 2/105 [acid (18)]
  2887 | D:5      | Killed from afar by Ijyb

Skill      XL: |  1  2  3  4  5  6  7 |
---------------+----------------------+-----
Maces & Flails | 3 4 5 |  5.8
Dodging        | 3 4 |  4.1
Fighting       | 3 4 |  4.2
Axes           | 1 2 |  2.1
Stealth        | 1 |  1.3

Action                   |  1- 3 |  4- 6 |  7- 9 || total
-------------------------+-------+-------+-------++-------
Melee: Mace              |    96 |    43 |       ||   139
       Flail             |       |    52 |       ||    52
       Hand axe          |       |    43 |       ||    43
       Giant club        |       |    10 |    63 ||    73
Invok: Berserk           |     2 |     4 |     3 ||     9
       Trog's Hand       |       |       |     1 ||     1
  Use: Scroll            |     2 |     1 |       ||     3
 Stab: Distracted        |     1 |     1 |       ||     2
       Sleeping          |       |     1 |     3 ||     4
  Eat: Chunk             |    14 |    13 |     7 ||    34
Armor: Animal skin       |    31 |    40 |    28 ||    99
Dodge: Dodged            |    62 |    76 |    50 ||   188
